 Dungeon Crawl Stone Soup version 0.27.0-1-g7a089689b8 (webtiles) character file.

Game seed: 2847668888259444199

3335 mainiacjoe the Destroyer (level 9, -6/71 HPs)
             Began as a Palentonga Conjurer on Aug 11, 2021.
             Was an Initiate of Sif Muna.
             Shot with a sling bullet by Joseph (19 damage)
             ... on level 7 of the Dungeon.
             The game lasted 00:29:10 (9074 turns).

mainiacjoe the Destroyer (Palentonga Conjurer)      Turns: 9074, Time: 00:29:11

Health: -6/71      AC: 13    Str: 10    XL:     9   Next: 72%
Magic:  5/13       EV: 10    Int: 22    God:    Sif Muna [......]
Gold:   357        SH:  4    Dex:  9    Spells: 3/14 levels left

rFire    . . .     SeeInvis +   a - +1 dagger (drain)
rCold    . . .     Faith    .   k - +0 buckler
rNeg     . . .     Spirit   .   e - +0 robe
rPois    .         Reflect  .   M - +1 helmet
rElec    .         Harm     .   (no cloak)
rCorr    .         Rampage  .   (no gloves)
Will     .....                  (no barding)
Stlth    ++........             (no amulet)
HPRegen  0.21/turn              c - ring of wizardry
MPRegen  0.13/turn              J - +4 ring of slaying {=R}

@: about to teleport, curled up
A: large, rugged brown scales 3, see invisible, deformed body, roll 1, armoured
tail, reflexive curl
a: Rolling Charge, Renounce Religion


You were on level 7 of the Dungeon.
You worshipped Sif Muna.
Sif Muna was noncommittal.
You visited 2 branches of the dungeon, and saw 8 of its levels.

You collected 357 gold pieces.

Inventory:

Hand Weapons
 a - a +1 dagger of draining (weapon)
 b - a +0 hunting sling
 s - a +1 vorpal mace
 v - a +2 whip of flaming
 w - a +0 flail
 I - a +0 rapier
Missiles
 f - 27 sling bullets
 j - 7 boomerangs
 n - 57 arrows
 o - 27 bolts
 p - 276 stones
 y - 18 poisoned darts (quivered)
 N - a curare-tipped dart {=F}
Armour
 e - a +0 robe (worn)
 k - a +0 buckler (worn)
 M - a +1 helmet (worn)
Jewellery
 c - a ring of wizardry (left hand)
 G - a ring of ice
 J - a +4 ring of slaying (right hand) {=R}
Wands
 t - a wand of iceblast (14)
Scrolls
 l - a scroll of enchant weapon
 m - a scroll of enchant armour {unknown}
 r - 3 scrolls of teleportation
 x - a scroll of noise {unknown}
 z - a scroll of vulnerability {unknown}
 B - a scroll of fog {unknown}
 C - a scroll of fear {unknown}
 E - a scroll of blinking {unknown}
 H - a scroll of summoning {unknown}
 L - a scroll of magic mapping {unknown}
Potions
 d - 2 potions of lignification {unknown}
 g - a potion of ambrosia {unknown}
 h - 3 potions of haste
 i - a potion of berserk rage {unknown}
 q - a potion of curing {unknown}
 u - 2 potions of cancellation
 A - 2 potions of attraction {unknown}
 D - a potion of brilliance {unknown}
 F - 2 potions of magic {unknown}
 K - 3 potions of flight {unknown}


   Skills:
 + Level 4.8 Fighting
 + Level 4.6 Dodging
 - Level 1.6 Stealth
 - Level 2.4 Shields
 - Level 3.0 Spellcasting
 - Level 8.0 Conjurations
 - Level 5.0 Hexes
 - Level 5.0 Translocations
 + Level 2.2 Invocations


You had 3 spell levels left.
You knew the following spells:

 Your Spells              Type           Power      Damage    Failure   Level
a - Magic Dart            Conj           100%       1d8       1%          1
b - Searing Ray           Conj           76%        3d6       1%          2
c - Fulminant Prism       Conj/Hex       15%        3d11      3%          4
d - Iskenderun's Mystic   Conj/Tloc      31%        2d8       3%          4

Your spell library contained the following spells:

 Spells                   Type           Power      Damage    Failure   Level
 Dazzling Flash           Conj/Hex       62%        N/A       1%          3
 Hailstorm                Conj/Ice       20%        3d6       10%         4
 Ice Form                 Ice/Tmut       3%         N/A       43%         4
 Simulacrum               Ice/Necr       1%         N/A       99%         6


Dungeon Overview and Level Annotations

Branches:
Dungeon (7/15)             Temple (1/1) D:6

Altars:
Ashenzari
Cheibriados
Dithmenos
Elyvilon
Fedhas
Gozag
Hepliaklqana
Kikubaaqudgha
Makhleb
Nemelex Xobeh
Okawaru
Qazlal
Ru
Sif Muna
Uskayaw
Vehumet
Wu Jian
Xom
Yredelemnul
Zin
The Shining One

Shops:
D:2 [   D:7 (

Annotations:
D:3 Natasha
D:7 Dowan, Duvessa, Joseph


Innate Abilities, Weirdness & Mutations

You are completely covered in rugged brown scales. (AC +3, +7% HP)
You have supernaturally acute eyesight. (SInv)
Armour fits poorly on your strangely shaped body.
You can roll at nearby foes to attack.
You have a long armoured tail.
You curl defensively after being hit.


Message History

Joseph is lightly wounded. (Press . to maintain the ray.) Joseph hits you with a +1 spectral quarterstaff.
The searing ray hits Joseph.
Joseph is lightly wounded.
Joseph hits you with a +1 spectral quarterstaff.
The searing ray hits Joseph!
Joseph is moderately wounded.
Joseph hits you with a +1 spectral quarterstaff!
The necrophage hits you but does no damage.
The searing ray hits Joseph!
Joseph is moderately wounded.
You finish channeling your searing ray.
Joseph hits you with a +1 spectral quarterstaff!!
The necrophage hits you but does no damage.
Aiming: Iceblast
Press: ? - help, Shift-Dir - straight line, p - Joseph The mass of ice explodes!
The iceblast engulfs Joseph!
Joseph is heavily wounded.
The iceblast engulfs the necrophage.
The necrophage partially resists.
The necrophage is lightly damaged.
Joseph hits you with a +1 spectral quarterstaff!!
* * * LOW HITPOINT WARNING * * *
The necrophage hits you but does no damage.
As you read the scroll of teleportation, it crumbles to dust.
You feel strangely unstable. Joseph closely misses you.
The necrophage hits you but does no damage.
Casting: Searing Ray (safe; 1% risk of failure)
Confirm with . or Enter, or press ? or * to list all spells.
You erupt in a blast of force!
The mystic blast hits Joseph.
Joseph is heavily wounded.
Joseph is knocked back by the mystic blast.
The mystic blast hits the necrophage!
The necrophage is heavily damaged.
The necrophage is knocked back by the mystic blast.
The necrophage slams into the rock wall!
Joseph unwields a +1 spectral quarterstaff.
Joseph wields a +0 hunting sling.
Joseph shoots a sling bullet.
The sling bullet hits you!!
You die...

##.#####.#.#.#
#.#
8.∩<8....#.#.#.
#.#
##.....###.#.#.
#.# #8.####
#.#.#. #.# #..#
#.#.#. #.# ####
#.#.#. #.# .@.
#.# #.###.###.#
#......@..#
#####n##### #.
#. #. #. .. ##


You could see Joseph and a necrophage.

Vanquished Creatures
  Pikel (D:4)
  The ghost of Belboz the Slinger, a novice SpAM of Gozag (D:6)
  Sigmund (D:4)
  4 yaks (D:6)
  2 ice beasts (D:6)
  2 orc warriors (D:6)
  2 black bears
  2 sky beasts
  A necrophage (D:4)
  An ogre (D:6)
  3 lemures (D:4)
  A kobold brigand (D:7)
  A phantom (D:4)
  A water moccasin skeleton (D:4)
  A bullfrog zombie (D:5)
  2 hounds (D:5)
  3 jellies
  2 gnoll shamans
  3 orc priests
  A bullfrog skeleton (D:6)
  2 orc wizards (D:6)
  2 iguanas
  2 howler monkey skeletons
  6 adders
  13 gnolls
  A white imp (D:6)
  An ufetubus (D:5)
  2 worms
  2 dart slugs (D:1)
  16 orcs
  2 ball pythons (D:1)
  7 endoplasms
  2 giant cockroaches
  7 goblins
  6 hobgoblins
  18 jackals
  12 kobolds
  2 quokkas
  2 bats (D:1)
  5 frilled lizards
  2 rats
147 creatures vanquished.

Vanquished Creatures (others)
  A fulminant prism (D:4)
1 creature vanquished.

Grand Total: 148 creatures vanquished

Notes
Turn   | Place    | Note
-------+----------+-------------------------------------------
     0 | D:1      | mainiacjoe the Palentonga Conjurer began the quest for the
                  | Orb.
     0 | D:1      | Reached XP level 1. HP: 13/13 MP: 3/3
   439 | D:1      | Reached XP level 2. HP: 13/20 MP: 5/5
   607 | D:1      | Learned a level 2 spell: Searing Ray
  1076 | D:1      | Reached XP level 3. HP: 25/25 MP: 3/6
  1201 | D:1      | Reached skill level 4 in Conjurations
  1805 | D:2      | Found Xiak's Antique Armour Shop.
  1885 | D:2      | Found a faded altar of an unknown god.
  2155 | D:2      | Reached XP level 4. HP: 32/32 MP: 4/7
  3274 | D:3      | Learned a level 4 spell: Fulminant Prism
  3538 | D:3      | Noticed Natasha
  3793 | D:4      | Noticed a sky beast
  3797 | D:4      | Killed a sky beast
  3798 | D:4      | Reached skill level 5 in Conjurations
  3798 | D:4      | Reached skill level 1 in Hexes
  3798 | D:4      | Reached XP level 5. HP: 37/37 MP: 3/9
  3891 | D:4      | Noticed a black bear
  3934 | D:4      | Killed a black bear
  3935 | D:4      | Reached XP level 6. HP: 43/43 MP: 3/10
  3940 | D:4      | Learned a level 4 spell: Iskenderun's Mystic Blast
  4384 | D:4      | Reached skill level 6 in Conjurations
  4511 | D:4      | Noticed Sigmund
  4516 | D:4      | Killed Sigmund
  4517 | D:4      | Reached skill level 1 in Shields
  4517 | D:4      | Gained mutation: You curl defensively after being hit.
                  | [Palentonga growth]
  4517 | D:4      | Reached XP level 7. HP: 49/49 MP: 3/11
  4574 | D:4      | Noticed Pikel
  4595 | D:4      | Killed Pikel
  4596 | D:4      | Reached skill level 7 in Conjurations
  4596 | D:4      | Reached XP level 8. HP: 47/55 MP: 1/12
  5599 | D:4      | Reached skill level 8 in Conjurations
  5854 | D:5      | Entered Level 5 of the Dungeon
  6113 | D:5      | Reached skill level 1 in Translocations
  6252 | D:5      | Reached skill level 5 in Hexes
  6626 | D:6      | Found a runed translucent gate.
  6626 | D:6      | Found a runed translucent gate.
  6626 | D:6      | Found a runed translucent gate.
  6626 | D:6      | Noticed Belboz's ghost (novice SpAM)
  6634 | D:6      | Killed Belboz's ghost
  6680 | D:6      | Reached skill level 5 in Translocations
  6865 | D:6      | Reached skill level 1 in Fighting
  6865 | D:6      | Reached XP level 9. HP: 37/63 MP: 5/13
  8061 | D:6      | Found a staircase to the Ecumenical Temple.
  8070 | Temple   | Entered the Ecumenical Temple
  8172 | Temple   | Became a worshipper of Sif Muna the Loreminder
  8509 | D:7      | Reached skill level 1 in Invocations
  8569 | D:7      | Noticed Dowan
  8664 | D:7      | Noticed Duvessa
  9003 | D:7      | Found Dinea's Antique Weapon Boutique.
  9065 | D:7      | Noticed Joseph
  9074 | D:7      | Shot with a sling bullet by Joseph

Illustrated notes

Levels and vault maps discovered:
D:1:      lightli_arrival_lavapool, layout_basic, minivault_11,
          amethyst_killhole
D:2:      layout_loops_cross, basic_ecumenical_altar, serial_shops,
          nicolae_shop_waterfront, supply_closet_lemuel,
          kennysheep_cross_bottleneck
D:3:      layout_basic, hangedman_decor_opposing, minmay_misc_feat_columns,
          uniq_natasha
D:4:      layout_rooms, kennysheep_generic_room_10, uniq_pikel, uniq_sigmund
D:5:      layout_rooms
D:6:      layout_rooms, lemuel_temple_firewalk_b, ebering_ghost_rock_garden,
          bh_walls_and_bars
D:7:      layout_basic, serial_shops, nicolae_shop_statue_plus, uniq_duvessa,
          uniq_joseph, uniq_crazy_yiuf_cottage
Temple:   compressed_dpeg_circular_temple

Skill      XL: |  1  2  3  4  5  6  7  8  9 |
---------------+----------------------------+-----
Conjurations   | 4 5 6 7 8 |  8.0
Spellcasting   | 3 |  3.0
Hexes          | 1 2 3 4 5 |  5.0
Shields        | 1 2 |  2.4
Translocations | 5 |  5.0
Dodging        | 2 4 |  4.6
Fighting       | 1 4 |  4.8
Invocations    | 2 |  2.2
Stealth        | |  1.6

Action                   |  1- 3 |  4- 6 |  7- 9 || total
-------------------------+-------+-------+-------++-------
Melee: Short sword       |    36 |       |       ||    36
       Tailslap          |     4 |       |     2 ||     6
       Unarmed           |     2 |       |       ||     2
       Dagger            |     3 |       |    16 ||    19
       Whip              |       |       |    12 ||    12
 Fire: Hunting sling     |       |    53 |    42 ||    95
Throw: Stone             |    14 |       |       ||    14
       Dart              |       |       |    35 ||    35
       Boomerang         |       |       |    11 ||    11
 Cast: Magic Dart        |    56 |       |    16 ||    72
       Searing Ray       |     7 |    22 |    52 ||    81
       Fulminant Prism   |       |     1 |       ||     1
       Iskenderun's Myst |       |       |     8 ||     8
Evoke: Wand              |       |       |     1 ||     1
  Use: Scroll            |     1 |     2 |     4 ||     7
 Stab: Sleeping          |     1 |       |       ||     1
Armor: Robe              |    29 |     3 |    15 ||    47
Dodge: Dodged            |    37 |     6 |    22 ||    65
Block: Buckler           |       |       |    10 ||    10
